Connexion

NEW JERSEY Devils vs NEW YORK Rangers (R3)

Created - 11 décembre 2023 at 06:04

Goals
1 2 3 T
NEW JERSEY Devils 0 0 2 2
NEW YORK Rangers 1 1 3 5
Shots
1 2 3 T
NEW JERSEY Devils 10 2 8 20
NEW YORK Rangers 7 9 14 30

GoalsPenalties
1st period
1. NEW YORK Rangers , Zach Hyman 12 (Jakob Chychrun 30, Torey Krug 34) at 7:53 (SH)
Taylor Hall (NYR) for Cross-checking (Minor) at 6:05
2nd period
2. NEW YORK Rangers , Travis Konecny 24 (Torey Krug 35, Ryan Strome 26) at 3:10
Jordan Harris (N.J) for Hooking (Minor) at 4:38
Jakob Chychrun (NYR) for Holding (Minor) at 8:53
Max Domi (N.J) for High sticking (Minor) at 13:19
3rd period
3. NEW JERSEY Devils , Sam Bennett 11 (Trevor Zegras 24, Kirby Dach 4) at 0:54 (PP)
4. NEW YORK Rangers , Taylor Hall 18 (Ryan Strome 27, Jon Merrill 16) at 2:49
5. NEW JERSEY Devils , Shayne Gostisbehere 9 (Roope Hintz 20, Jaccob Slavin 25) at 3:48 (PP)
6. NEW YORK Rangers , Taylor Hall 19 (Torey Krug 36, Jakob Chychrun 31) at 8:12
7. NEW YORK Rangers , Zach Hyman 13 (John Moore 15) at 15:02
Travis Konecny (NYR) for Tripping (Minor) at 0:27
Logan Stanley (NYR) for High sticking (Minor) at 3:36
Roope Hintz (N.J) for Roughing (Minor) at 7:46
Travis Konecny (NYR) for Roughing (Minor) at 7:48
Goalie Stats
Tristan Jarry (N.J), 25 saves from 30 shots - (0,833), L, 11-16-3, 60:00 minutes
Malcolm Subban (NYR), 18 saves from 20 shots - (0,900), W, 14-5-1, 60:00 minutes
3 StarsOfficial
1 - Zach Hyman (NYR)
2 - Torey Krug (NYR)
3 - Taylor Hall (NYR)
Referees : Don Koharski and Rob Martell
Linesman : Lonnie Cameron and Steve Miller
Game Note
No Game Note
Finance
Level 1 -- Attendance: 5510 (91,83%) -- Ticket Income $688,750
Level 2 -- Attendance: 4988 (95,92%) -- Ticket Income $399,040
Level 3 -- Attendance: 2000 (100,00%) -- Ticket Income $100,000
Level 4 -- Attendance: 4000 (100,00%) -- Ticket Income $140,000
Luxury Box -- Attendance: 1000 (100,00%) -- Ticket Income $240,000
Game was played at the Madison Square Garden.
Total Attendance: 17498 (96,14%)
Total Ticket Income: $1,567,790
Other Income: $313,558
Total Income: $1,881,348



Team Name Goals Shots Shots Attemp Shots Blocked PIM HIT PP PK FO%
NEW JERSEY Devils 22041106202 / 5 (40%)058%
NEW YORK Rangers 53068910260 / 3 (0%)242%

NEW JERSEY Devils
Player Name POS G A P +/- PIM HIT SHT SB MP PP MP PP SHT PK MP PK SHT FO% FOT
Anton LundellC000-1011114:330:0000:00068% 19
Brett KulakD000-2010113:040:0000:0000% 0
Brock NelsonC000-1001011:460:0001:17073% 11
Christian DvorakC/LW000000005:590:1300:16050% 4
Cody GlassC000-1001010:290:0000:00050% 2
Erik JohnsonD000-2040114:370:0001:1400% 0
Jaccob SlavinD011-2061226:111:5012:3600% 0
Jordan HarrisD000-1210119:112:4900:1000% 0
Kirby DachC/RW011-1002017:092:3600:0000% 0
Max DomiC/LW000-2211020:542:0300:000100% 1
Nail YakupovRW000000106:470:0001:1700% 0
Rem PitlickC/LW/RW000000117:570:0002:27060% 5
Roope HintzC/LW011-2205016:582:2620:0000% 2
Sam BennettC/LW101-1022015:322:3612:27033% 3
Shayne GostisbehereD101-2012126:001:5012:2500% 0
Trevor ZegrasC011-2000122:492:0000:00053% 30
Troy TerryC/RW000-3002023:082:0300:1600% 0
Vladislav GavrikovD000-1030120:562:4901:3500% 0
NEW YORK Rangers
Player Name POS G A P +/- PIM HIT SHT SB MP PP MP PP SHT PK MP PK SHT FO% FOT
Cody GoloubefD0001021116:120:0000:0900% 0
Jakob ChychrunD0223241024:472:1701:2400% 0
Jesse PuljujarviRW0000001011:320:0000:00050% 2
John MooreD0111021118:291:4302:0900% 0
Jon MerrillD0111021220:191:4302:0400% 0
Kieffer BellowsLW0000040012:250:0000:5300% 4
Logan CoutureC/LW0001022017:121:4100:0000% 2
Logan StanleyD0001231214:430:0001:0200% 0
Nolan PatrickC0001000017:031:3200:00031% 16
Ryan StromeC/RW0223013022:422:1903:20050% 20
Taylor HallC/LW2023202021:222:1902:01050% 8
Torey KrugD0333012225:282:1712:3000% 0
Travis KonecnyC/LW/RW1013446019:072:1801:190100% 2
Trevor MooreC/LW/RW000000206:500:0000:0000% 1
Ty DellandreaC000001007:240:0900:00078% 9
Tyler EnnisC/LW0000001011:580:0000:26027% 11
Vasili PodkolzinRW000000106:500:0000:0000% 1
Zach HymanC/LW/RW2022005118:561:4101:1910% 1



Play-by-Play

1st period


0:01 of 1st period - Ryan Strome wins face-off versus Trevor Zegras in neutral zone.
1:19 of 1st period - Shot by Nolan Patrick.
1:19 of 1st period - Shot Misses the Net.
1:21 of 1st period - Shot by Logan Couture.
1:21 of 1st period - Stopped by Tristan Jarry without a rebound.
1:22 of 1st period - Brock Nelson wins face-off versus Jesse Puljujarvi in NEW JERSEY Devils zone.
1:22 of 1st period - Brock Nelson is hit by Kieffer Bellows.
1:48 of 1st period - Icing by Logan Stanley.
1:49 of 1st period - Christian Dvorak wins face-off versus Tyler Ennis in NEW YORK Rangers zone.
1:49 of 1st period - Christian Dvorak is hit by John Moore.
2:06 of 1st period - Shot by Tyler Ennis.
2:06 of 1st period - Deflect By Jesse Puljujarvi.
2:06 of 1st period - Stopped by Tristan Jarry with a rebound.
2:08 of 1st period - Shot by Kieffer Bellows.
2:08 of 1st period - Shot Misses the Net.
2:32 of 1st period - Shot by Zach Hyman.
2:32 of 1st period - Shot Misses the Net.
2:34 of 1st period - Shot by Zach Hyman.
2:34 of 1st period - Stopped by Tristan Jarry without a rebound.
2:35 of 1st period - Ty Dellandrea wins face-off versus Anton Lundell in NEW JERSEY Devils zone.
2:35 of 1st period - Ty Dellandrea is hit by Jaccob Slavin.
3:02 of 1st period - Icing by Jaccob Slavin.
3:03 of 1st period - Anton Lundell wins face-off versus Nolan Patrick in NEW JERSEY Devils zone.
3:14 of 1st period - Shot by Logan Couture.
3:14 of 1st period - Shot Blocked by Anton Lundell.
3:26 of 1st period - Nolan Patrick is hit by Jaccob Slavin and loses puck.
3:56 of 1st period - Travis Konecny is hit by Brett Kulak and loses puck.
4:26 of 1st period - Shot by Travis Konecny.
4:26 of 1st period - Stopped by Tristan Jarry without a rebound.
4:27 of 1st period - Ty Dellandrea wins face-off versus Cody Glass in NEW JERSEY Devils zone.
4:42 of 1st period - Icing by Ty Dellandrea.
4:43 of 1st period - Ty Dellandrea wins face-off versus Christian Dvorak in NEW YORK Rangers zone.
5:39 of 1st period - Icing by Torey Krug.
5:40 of 1st period - Nolan Patrick wins face-off versus Trevor Zegras in NEW YORK Rangers zone.
6:02 of 1st period - Icing by Jordan Harris.
6:03 of 1st period - Trevor Zegras wins face-off versus Ryan Strome in NEW JERSEY Devils zone.
6:03 of 1st period - Max Domi is hit by Travis Konecny and loses puck.
6:05 of 1st period - Minor Penalty to Taylor Hall for Cross-checking.
6:06 of 1st period - Trevor Zegras wins face-off versus Kieffer Bellows in NEW YORK Rangers zone.
6:47 of 1st period - Shot by Jaccob Slavin.
6:47 of 1st period - Stopped by Malcolm Subban without a rebound.
6:48 of 1st period - Max Domi wins face-off versus Tyler Ennis in NEW YORK Rangers zone.
7:09 of 1st period - Shot by Jordan Harris.
7:09 of 1st period - Deflect By Roope Hintz.
7:09 of 1st period - Shot Blocked by Jon Merrill.
7:43 of 1st period - Shot by Zach Hyman.
7:43 of 1st period - Shot Misses the Net.
7:53 of 1st period - Shot by Zach Hyman.
7:53 of 1st period - Goal by Zach Hyman - NEW JERSEY Devils : 0 - NEW YORK Rangers : 1.
7:54 of 1st period - Sam Bennett wins face-off versus Kieffer Bellows in neutral zone.
8:48 of 1st period - Icing by Trevor Moore.
8:49 of 1st period - Brock Nelson wins face-off versus Trevor Moore in NEW YORK Rangers zone.
8:57 of 1st period - Ty Dellandrea is hit by Jaccob Slavin and loses puck.
10:13 of 1st period - Icing by Vladislav Gavrikov.
10:14 of 1st period - Tyler Ennis wins face-off versus Trevor Zegras in NEW JERSEY Devils zone.
10:14 of 1st period - Kieffer Bellows is hit by Vladislav Gavrikov and loses puck.
10:18 of 1st period - Icing by Jordan Harris.
10:19 of 1st period - Trevor Zegras wins face-off versus Tyler Ennis in NEW JERSEY Devils zone.
11:26 of 1st period - Kirby Dach is hit by Travis Konecny and loses puck.
11:40 of 1st period - Ryan Strome is hit by Erik Johnson and loses puck.
12:04 of 1st period - Icing by Jaccob Slavin.
12:05 of 1st period - Brock Nelson wins face-off versus Logan Couture in NEW JERSEY Devils zone.
12:26 of 1st period - Shot by Zach Hyman.
12:26 of 1st period - Deflect By Nolan Patrick.
12:26 of 1st period - Shot Misses the Net.
12:30 of 1st period - Shot by Zach Hyman.
12:30 of 1st period - Shot Hit the Post.
12:38 of 1st period - Shot by Nolan Patrick.
12:38 of 1st period - Shot Hit the Post.
13:45 of 1st period - Icing by Jordan Harris.
13:46 of 1st period - Trevor Zegras wins face-off versus Ryan Strome in NEW JERSEY Devils zone.
13:46 of 1st period - Trevor Zegras is hit by Travis Konecny.
13:59 of 1st period - Icing by Travis Konecny.
14:00 of 1st period - Anton Lundell wins face-off versus Ryan Strome in NEW YORK Rangers zone.
14:04 of 1st period - Icing by Jakob Chychrun.
14:05 of 1st period - Anton Lundell wins face-off versus Ryan Strome in NEW YORK Rangers zone.
14:26 of 1st period - Shot by Ryan Strome.
14:26 of 1st period - Shot Misses the Net.
14:57 of 1st period - Off-side.
14:58 of 1st period - Nolan Patrick wins face-off versus Trevor Zegras in neutral zone.
15:22 of 1st period - Troy Terry is hit by Cody Goloubef and loses puck.
15:53 of 1st period - Shot by Sam Bennett.
15:53 of 1st period - Shot Blocked by Zach Hyman.
15:55 of 1st period - Shot by Sam Bennett.
15:55 of 1st period - Stopped by Malcolm Subban without a rebound.
15:56 of 1st period - Rem Pitlick wins face-off versus Tyler Ennis in NEW YORK Rangers zone.
16:09 of 1st period - Shot by Nail Yakupov.
16:09 of 1st period - Stopped by Malcolm Subban with a rebound.
16:11 of 1st period - Shot by Rem Pitlick.
16:11 of 1st period - Stopped by Malcolm Subban without a rebound.
16:12 of 1st period - Anton Lundell wins face-off versus Ryan Strome in NEW YORK Rangers zone.
16:13 of 1st period - Shot by Roope Hintz.
16:13 of 1st period - Shot Misses the Net.
16:15 of 1st period - Shot by Brett Kulak.
16:15 of 1st period - Shot Misses the Net.
16:24 of 1st period - Shot by Kirby Dach.
16:24 of 1st period - Shot Misses the Net.
16:28 of 1st period - Shot by Anton Lundell.
16:28 of 1st period - Deflect By Kirby Dach.
16:28 of 1st period - Stopped by Malcolm Subban without a rebound.
16:29 of 1st period - Trevor Zegras wins face-off versus Tyler Ennis in NEW YORK Rangers zone.
17:04 of 1st period - Shot by Max Domi.
17:04 of 1st period - Deflect By Troy Terry.
17:04 of 1st period - Shot Blocked by Logan Stanley.
17:10 of 1st period - Shot by Jaccob Slavin.
17:10 of 1st period - Deflect By Troy Terry.
17:10 of 1st period - Shot Misses the Net.
17:12 of 1st period - Shot by Troy Terry.
17:12 of 1st period - Stopped by Malcolm Subban with a rebound.
17:14 of 1st period - Shot by Max Domi.
17:14 of 1st period - Deflect By Troy Terry.
17:14 of 1st period - Stopped by Malcolm Subban without a rebound.
17:15 of 1st period - Anton Lundell wins face-off versus Nolan Patrick in NEW YORK Rangers zone.
17:15 of 1st period - Anton Lundell is hit by Jakob Chychrun.
17:22 of 1st period - Icing by Torey Krug.
17:23 of 1st period - Nolan Patrick wins face-off versus Anton Lundell in NEW YORK Rangers zone.
17:59 of 1st period - Off-side.
18:00 of 1st period - Ryan Strome wins face-off versus Trevor Zegras in neutral zone.
18:34 of 1st period - Shot by Jon Merrill.
18:34 of 1st period - Shot Misses the Net.
18:36 of 1st period - Shot by Cody Goloubef.
18:36 of 1st period - Stopped by Tristan Jarry with a rebound.
18:40 of 1st period - Shot by Travis Konecny.
18:40 of 1st period - Stopped by Tristan Jarry without a rebound.
18:41 of 1st period - Jesse Puljujarvi wins face-off versus Anton Lundell in NEW JERSEY Devils zone.
19:12 of 1st period - Shot by Roope Hintz.
19:12 of 1st period - Deflect By Kirby Dach.
19:12 of 1st period - Stopped by Malcolm Subban with a rebound.
19:14 of 1st period - Shot by Roope Hintz.
19:14 of 1st period - Stopped by Malcolm Subban with a rebound.
19:16 of 1st period - Shot by Anton Lundell.
19:16 of 1st period - Shot Misses the Net.
19:18 of 1st period - Shot by Anton Lundell.
19:18 of 1st period - Stopped by Malcolm Subban without a rebound.
19:19 of 1st period - Cody Glass wins face-off versus Nolan Patrick in NEW YORK Rangers zone.
19:45 of 1st period - Icing by Shayne Gostisbehere.
19:46 of 1st period - Ryan Strome wins face-off versus Sam Bennett in NEW JERSEY Devils zone.
19:54 of 1st period - Travis Konecny is hit by Shayne Gostisbehere and loses puck.
Goals for this period are 0 for NEW JERSEY Devils vs 1 for NEW YORK Rangers.
Shots for this period are 10 for NEW JERSEY Devils vs 7 for NEW YORK Rangers.

2nd period


0:01 of 2nd period - Trevor Zegras wins face-off versus Ryan Strome in neutral zone.
0:26 of 2nd period - Off-side.
0:27 of 2nd period - Anton Lundell wins face-off versus Nolan Patrick in neutral zone.
1:15 of 2nd period - Vladislav Gavrikov is hit by Jon Merrill and loses puck.
2:12 of 2nd period - Icing by Jon Merrill.
2:13 of 2nd period - Brock Nelson wins face-off versus Nolan Patrick in NEW YORK Rangers zone.
2:16 of 2nd period - Shot by Cody Glass.
2:16 of 2nd period - Shot Misses the Net.
2:39 of 2nd period - Sam Bennett is hit by Cody Goloubef and loses puck.
2:58 of 2nd period - Shot by Travis Konecny.
2:58 of 2nd period - Shot Misses the Net.
3:00 of 2nd period - Shot by Travis Konecny.
3:00 of 2nd period - Stopped by Tristan Jarry with a rebound.
3:10 of 2nd period - Shot by Travis Konecny.
3:10 of 2nd period - Goal by Travis Konecny - NEW JERSEY Devils : 0 - NEW YORK Rangers : 2.
3:11 of 2nd period - Anton Lundell wins face-off versus Kieffer Bellows in neutral zone.
3:11 of 2nd period - Anton Lundell is hit by Kieffer Bellows.
3:31 of 2nd period - Shot by Jesse Puljujarvi.
3:31 of 2nd period - Shot Blocked by Shayne Gostisbehere.
3:33 of 2nd period - Shot by Logan Stanley.
3:33 of 2nd period - Stopped by Tristan Jarry without a rebound.
3:34 of 2nd period - Travis Konecny wins face-off versus Trevor Zegras in NEW JERSEY Devils zone.
3:47 of 2nd period - Shot by Torey Krug.
3:47 of 2nd period - Stopped by Tristan Jarry with a rebound.
4:06 of 2nd period - Ryan Strome is hit by Jordan Harris and loses puck.
4:29 of 2nd period - Shot by Kieffer Bellows.
4:29 of 2nd period - Deflect By Tyler Ennis.
4:29 of 2nd period - Shot Blocked by Vladislav Gavrikov.
4:31 of 2nd period - Shot by Jesse Puljujarvi.
4:31 of 2nd period - Shot Misses the Net.
4:38 of 2nd period - Minor Penalty to Jordan Harris for Hooking.
4:39 of 2nd period - Ryan Strome wins face-off versus Rem Pitlick in NEW JERSEY Devils zone.
5:19 of 2nd period - Icing by John Moore.
5:20 of 2nd period - Rem Pitlick wins face-off versus Zach Hyman in NEW YORK Rangers zone.
5:21 of 2nd period - Shot by Sam Bennett.
5:21 of 2nd period - Shot Misses the Net.
6:14 of 2nd period - Shot by Torey Krug.
6:14 of 2nd period - Stopped by Tristan Jarry with a rebound.
7:04 of 2nd period - Shot by Kieffer Bellows.
7:04 of 2nd period - Shot Misses the Net.
7:14 of 2nd period - Kirby Dach is hit by Kieffer Bellows and loses puck.
7:40 of 2nd period - Icing by Cody Goloubef.
7:41 of 2nd period - Ty Dellandrea wins face-off versus Brock Nelson in NEW YORK Rangers zone.
7:41 of 2nd period - Ty Dellandrea is hit by Sam Bennett.
7:44 of 2nd period - Icing by Cody Goloubef.
7:45 of 2nd period - Trevor Zegras wins face-off versus Ty Dellandrea in NEW YORK Rangers zone.
8:53 of 2nd period - Minor Penalty to Jakob Chychrun for Holding.
8:54 of 2nd period - Taylor Hall wins face-off versus Trevor Zegras in NEW YORK Rangers zone.
9:23 of 2nd period - Shot by Sam Bennett.
9:23 of 2nd period - Shot Misses the Net.
10:01 of 2nd period - Shot by Troy Terry.
10:01 of 2nd period - Shot Blocked by John Moore.
10:03 of 2nd period - Shot by Max Domi.
10:03 of 2nd period - Shot Misses the Net.
10:05 of 2nd period - Shot by Roope Hintz.
10:05 of 2nd period - Stopped by Malcolm Subban without a rebound.
10:06 of 2nd period - Travis Konecny wins face-off versus Roope Hintz in NEW YORK Rangers zone.
11:16 of 2nd period - Shot by Jesse Puljujarvi.
11:16 of 2nd period - Shot Hit the Post.
11:18 of 2nd period - Shot by Tyler Ennis.
11:18 of 2nd period - Stopped by Tristan Jarry without a rebound.
11:19 of 2nd period - Brock Nelson wins face-off versus Nolan Patrick in NEW JERSEY Devils zone.
11:42 of 2nd period - Shot by Zach Hyman.
11:42 of 2nd period - Shot Misses the Net.
11:50 of 2nd period - Shot by Logan Couture.
11:50 of 2nd period - Stopped by Tristan Jarry without a rebound.
11:51 of 2nd period - Trevor Zegras wins face-off versus Ryan Strome in NEW JERSEY Devils zone.
12:04 of 2nd period - Shot by Troy Terry.
12:04 of 2nd period - Shot Misses the Net.
12:09 of 2nd period - Torey Krug is hit by Erik Johnson and loses puck.
13:17 of 2nd period - Tyler Ennis is hit by Max Domi and loses puck.
13:19 of 2nd period - Minor Penalty to Max Domi for High sticking.
13:20 of 2nd period - Nolan Patrick wins face-off versus Rem Pitlick in NEW JERSEY Devils zone.
14:16 of 2nd period - Taylor Hall is hit by Vladislav Gavrikov and loses puck.
15:17 of 2nd period - Shot by John Moore.
15:17 of 2nd period - Shot Misses the Net.
15:27 of 2nd period - Shot by Roope Hintz.
15:27 of 2nd period - Deflect By Anton Lundell.
15:27 of 2nd period - Shot Blocked by Logan Stanley.
15:30 of 2nd period - Icing by Logan Stanley.
15:31 of 2nd period - Tyler Ennis wins face-off versus Anton Lundell in NEW YORK Rangers zone.
16:38 of 2nd period - Shot by Zach Hyman.
16:38 of 2nd period - Stopped by Tristan Jarry without a rebound.
16:39 of 2nd period - Ryan Strome wins face-off versus Brock Nelson in NEW JERSEY Devils zone.
16:52 of 2nd period - Shot by Ryan Strome.
16:52 of 2nd period - Stopped by Tristan Jarry with a rebound.
18:22 of 2nd period - Nolan Patrick is hit by Jaccob Slavin.
18:42 of 2nd period - Icing by Jaccob Slavin.
18:43 of 2nd period - Trevor Zegras wins face-off versus Tyler Ennis in NEW JERSEY Devils zone.
18:43 of 2nd period - Trevor Zegras is hit by Kieffer Bellows.
19:07 of 2nd period - Roope Hintz is hit by Torey Krug and loses puck.
19:17 of 2nd period - Jesse Puljujarvi is hit by Vladislav Gavrikov and loses puck.
19:26 of 2nd period - Shot by Roope Hintz.
19:26 of 2nd period - Stopped by Malcolm Subban with a rebound.
Goals for this period are 0 for NEW JERSEY Devils vs 1 for NEW YORK Rangers.
Shots for this period are 2 for NEW JERSEY Devils vs 9 for NEW YORK Rangers.

3rd period


0:01 of 3rd period - Ryan Strome wins face-off versus Trevor Zegras in neutral zone.
0:27 of 3rd period - Minor Penalty to Travis Konecny for Tripping.
0:28 of 3rd period - Ryan Strome wins face-off versus Trevor Zegras in NEW YORK Rangers zone.
0:28 of 3rd period - Ryan Strome is hit by Sam Bennett.
0:48 of 3rd period - Shot by Sam Bennett.
0:48 of 3rd period - Shot Blocked by Jon Merrill.
0:50 of 3rd period - Shot by Sam Bennett.
0:50 of 3rd period - Shot Misses the Net.
0:52 of 3rd period - Shot by Sam Bennett.
0:52 of 3rd period - Shot Misses the Net.
0:54 of 3rd period - Shot by Trevor Zegras.
0:54 of 3rd period - Deflect By Sam Bennett.
0:54 of 3rd period - Goal by Sam Bennett - NEW JERSEY Devils : 1 - NEW YORK Rangers : 2.
0:55 of 3rd period - Christian Dvorak wins face-off versus Nolan Patrick in neutral zone.
0:55 of 3rd period - Jaccob Slavin is hit by Logan Couture and loses puck.
1:30 of 3rd period - Icing by Jakob Chychrun.
1:31 of 3rd period - Anton Lundell wins face-off versus Nolan Patrick in NEW YORK Rangers zone.
1:31 of 3rd period - Vladislav Gavrikov is hit by Jakob Chychrun.
1:41 of 3rd period - Kirby Dach is hit by Logan Couture and loses puck.
2:28 of 3rd period - Kirby Dach is hit by Travis Konecny and loses puck.
2:49 of 3rd period - Shot by Taylor Hall.
2:49 of 3rd period - Goal by Taylor Hall - NEW JERSEY Devils : 1 - NEW YORK Rangers : 3.
2:50 of 3rd period - Brock Nelson wins face-off versus Vasili Podkolzin in neutral zone.
3:07 of 3rd period - Shot by Brock Nelson.
3:07 of 3rd period - Stopped by Malcolm Subban without a rebound.
3:08 of 3rd period - Trevor Zegras wins face-off versus Tyler Ennis in NEW YORK Rangers zone.
3:08 of 3rd period - Trevor Zegras is hit by Logan Stanley.
3:13 of 3rd period - Max Domi is hit by John Moore and loses puck.
3:27 of 3rd period - Icing by Logan Stanley.
3:28 of 3rd period - Brock Nelson wins face-off versus Tyler Ennis in NEW YORK Rangers zone.
3:36 of 3rd period - Minor Penalty to Logan Stanley for High sticking.
3:37 of 3rd period - Taylor Hall wins face-off versus Roope Hintz in NEW YORK Rangers zone.
3:46 of 3rd period - Shot by Roope Hintz.
3:46 of 3rd period - Stopped by Malcolm Subban with a rebound.
3:48 of 3rd period - Shot by Shayne Gostisbehere.
3:48 of 3rd period - Goal by Shayne Gostisbehere - NEW JERSEY Devils : 2 - NEW YORK Rangers : 3.
3:49 of 3rd period - Brock Nelson wins face-off versus Nolan Patrick in neutral zone.
4:20 of 3rd period - Off-side.
4:21 of 3rd period - Ryan Strome wins face-off versus Trevor Zegras in neutral zone.
4:35 of 3rd period - Icing by Shayne Gostisbehere.
4:36 of 3rd period - Ty Dellandrea wins face-off versus Trevor Zegras in NEW JERSEY Devils zone.
4:37 of 3rd period - Shot by Trevor Moore.
4:37 of 3rd period - Stopped by Tristan Jarry with a rebound.
4:39 of 3rd period - Shot by Vasili Podkolzin.
4:39 of 3rd period - Shot Hit the Post.
4:41 of 3rd period - Shot by Logan Stanley.
4:41 of 3rd period - Shot Misses the Net.
4:43 of 3rd period - Shot by Trevor Moore.
4:43 of 3rd period - Stopped by Tristan Jarry with a rebound.
4:51 of 3rd period - Shot by Trevor Moore.
4:51 of 3rd period - Shot Blocked by Jaccob Slavin.
4:53 of 3rd period - Shot by Trevor Moore.
4:53 of 3rd period - Shot Blocked by Trevor Zegras.
5:00 of 3rd period - Off-side.
5:01 of 3rd period - Anton Lundell wins face-off versus Ryan Strome in neutral zone.
5:28 of 3rd period - Shot by Travis Konecny.
5:28 of 3rd period - Deflect By Taylor Hall.
5:28 of 3rd period - Shot Misses the Net.
6:09 of 3rd period - Shot by Zach Hyman.
6:09 of 3rd period - Stopped by Tristan Jarry with a rebound.
6:28 of 3rd period - Shot by Nolan Patrick.
6:28 of 3rd period - Shot Misses the Net.
7:07 of 3rd period - Tyler Ennis is hit by Erik Johnson and loses puck.
7:25 of 3rd period - Icing by Erik Johnson.
7:26 of 3rd period - Ty Dellandrea wins face-off versus Brock Nelson in NEW JERSEY Devils zone.
7:34 of 3rd period - Ty Dellandrea is hit by Erik Johnson and loses puck.
7:43 of 3rd period - Shot by Cody Glass.
7:43 of 3rd period - Stopped by Malcolm Subban without a rebound.
7:44 of 3rd period - Anton Lundell wins face-off versus Ryan Strome in NEW YORK Rangers zone.
7:45 of 3rd period - Shot by Roope Hintz.
7:45 of 3rd period - Shot Blocked by Cody Goloubef.
7:46 of 3rd period - Minor Penalty to Roope Hintz for Roughing.
7:47 of 3rd period - Rem Pitlick wins face-off versus Ryan Strome in NEW JERSEY Devils zone.
7:47 of 3rd period - Rem Pitlick is hit by Ryan Strome.
7:48 of 3rd period - Minor Penalty to Travis Konecny for Roughing.
7:49 of 3rd period - Trevor Zegras wins face-off versus Taylor Hall in NEW YORK Rangers zone.
8:12 of 3rd period - Shot by Taylor Hall.
8:12 of 3rd period - Goal by Taylor Hall - NEW JERSEY Devils : 2 - NEW YORK Rangers : 4.
8:13 of 3rd period - Taylor Hall wins face-off versus Trevor Zegras in neutral zone.
8:25 of 3rd period - Shot by Ryan Strome.
8:25 of 3rd period - Stopped by Tristan Jarry with a rebound.
8:27 of 3rd period - Shot by Ryan Strome.
8:27 of 3rd period - Deflect By Taylor Hall.
8:27 of 3rd period - Shot Misses the Net.
8:29 of 3rd period - Shot by Ryan Strome.
8:29 of 3rd period - Shot Misses the Net.
8:31 of 3rd period - Shot by John Moore.
8:31 of 3rd period - Stopped by Tristan Jarry without a rebound.
8:32 of 3rd period - Trevor Zegras wins face-off versus Taylor Hall in NEW JERSEY Devils zone.
8:34 of 3rd period - Icing by Jaccob Slavin.
8:35 of 3rd period - Trevor Zegras wins face-off versus Taylor Hall in NEW JERSEY Devils zone.
9:09 of 3rd period - Icing by Trevor Zegras.
9:10 of 3rd period - Taylor Hall wins face-off versus Trevor Zegras in NEW JERSEY Devils zone.
9:20 of 3rd period - Icing by Shayne Gostisbehere.
9:21 of 3rd period - Trevor Zegras wins face-off versus Ty Dellandrea in NEW JERSEY Devils zone.
9:21 of 3rd period - Trevor Zegras is hit by Ty Dellandrea.
10:02 of 3rd period - Shot by Jesse Puljujarvi.
10:02 of 3rd period - Deflect By Tyler Ennis.
10:02 of 3rd period - Shot Blocked by Brett Kulak.
10:04 of 3rd period - Shot by Torey Krug.
10:04 of 3rd period - Shot Blocked by Erik Johnson.
10:06 of 3rd period - Shot by Jakob Chychrun.
10:06 of 3rd period - The goal is going for a video replay.
10:06 of 3rd period - The goal is refused.
10:07 of 3rd period - Anton Lundell wins face-off versus Logan Couture in NEW JERSEY Devils zone.
10:11 of 3rd period - Off-side.
10:12 of 3rd period - Anton Lundell wins face-off versus Taylor Hall in neutral zone.
10:35 of 3rd period - Shot by Taylor Hall.
10:35 of 3rd period - Shot Misses the Net.
11:33 of 3rd period - Shot by Zach Hyman.
11:33 of 3rd period - Shot Misses the Net.
12:10 of 3rd period - Kieffer Bellows is hit by Jaccob Slavin and loses puck.
12:16 of 3rd period - Jesse Puljujarvi is hit by Jaccob Slavin and loses puck.
12:21 of 3rd period - Shot by Jesse Puljujarvi.
12:21 of 3rd period - Shot Misses the Net.
13:05 of 3rd period - Shot by Max Domi.
13:05 of 3rd period - Stopped by Malcolm Subban with a rebound.
13:13 of 3rd period - Shot by Troy Terry.
13:13 of 3rd period - Shot Blocked by Torey Krug.
13:15 of 3rd period - Shot by Erik Johnson.
13:15 of 3rd period - Shot Blocked by Torey Krug.
14:05 of 3rd period - Shot by Taylor Hall.
14:05 of 3rd period - Deflect By Travis Konecny.
14:05 of 3rd period - Stopped by Tristan Jarry with a rebound.
14:26 of 3rd period - Shot by Ryan Strome.
14:26 of 3rd period - Stopped by Tristan Jarry with a rebound.
14:30 of 3rd period - Shot by Travis Konecny.
14:30 of 3rd period - Deflect By Taylor Hall.
14:30 of 3rd period - Shot Blocked by Jordan Harris.
14:32 of 3rd period - Shot by Travis Konecny.
14:32 of 3rd period - Shot Misses the Net.
14:34 of 3rd period - Shot by Travis Konecny.
14:34 of 3rd period - Shot Blocked by Rem Pitlick.
14:36 of 3rd period - Shot by Travis Konecny.
14:36 of 3rd period - Deflect By Ryan Strome.
14:36 of 3rd period - Shot Misses the Net.
14:38 of 3rd period - Shot by Ryan Strome.
14:38 of 3rd period - Shot Misses the Net.
15:00 of 3rd period - Shot by Zach Hyman.
15:00 of 3rd period - Shot Misses the Net.
15:02 of 3rd period - Shot by Zach Hyman.
15:02 of 3rd period - Goal by Zach Hyman - NEW JERSEY Devils : 2 - NEW YORK Rangers : 5.
15:03 of 3rd period - Trevor Zegras wins face-off versus Kieffer Bellows in neutral zone.
15:06 of 3rd period - Shot by Shayne Gostisbehere.
15:06 of 3rd period - Stopped by Malcolm Subban without a rebound.
15:07 of 3rd period - Trevor Zegras wins face-off versus Nolan Patrick in NEW YORK Rangers zone.
15:49 of 3rd period - Icing by Nolan Patrick.
15:50 of 3rd period - Anton Lundell wins face-off versus Nolan Patrick in NEW YORK Rangers zone.
15:55 of 3rd period - Shot by Roope Hintz.
15:55 of 3rd period - Stopped by Malcolm Subban without a rebound.
15:56 of 3rd period - Ryan Strome wins face-off versus Anton Lundell in NEW YORK Rangers zone.
15:56 of 3rd period - Ryan Strome is hit by Anton Lundell.
16:11 of 3rd period - Brett Kulak is hit by Jakob Chychrun and loses puck.
16:57 of 3rd period - Max Domi is hit by Jakob Chychrun and loses puck.
17:31 of 3rd period - Shot by Zach Hyman.
17:31 of 3rd period - Shot Blocked by Jaccob Slavin.
17:45 of 3rd period - Shot by Jon Merrill.
17:45 of 3rd period - Stopped by Tristan Jarry without a rebound.
17:46 of 3rd period - Tyler Ennis wins face-off versus Sam Bennett in NEW JERSEY Devils zone.
18:19 of 3rd period - Sam Bennett is hit by Logan Stanley and loses puck.
18:25 of 3rd period - Cody Glass is hit by Logan Stanley and loses puck.
18:49 of 3rd period - Erik Johnson is hit by Jon Merrill and loses puck.
18:57 of 3rd period - Icing by Jon Merrill.
18:58 of 3rd period - Ty Dellandrea wins face-off versus Christian Dvorak in NEW YORK Rangers zone.
19:11 of 3rd period - Shot by Vasili Podkolzin.
19:11 of 3rd period - Stopped by Tristan Jarry without a rebound.
19:12 of 3rd period - Ryan Strome wins face-off versus Trevor Zegras in NEW JERSEY Devils zone.
19:41 of 3rd period - Shot by Travis Konecny.
19:41 of 3rd period - Stopped by Tristan Jarry without a rebound.
19:42 of 3rd period - Nolan Patrick wins face-off versus Anton Lundell in NEW JERSEY Devils zone.
Goals for this period are 2 for NEW JERSEY Devils vs 3 for NEW YORK Rangers.
Shots for this period are 8 for NEW JERSEY Devils vs 14 for NEW YORK Rangers.